Map: Newkirk Precinct TE (Void)

Players

aØaBrighman

  • Race: Terran Terran
  • League: Diamond
  • Spawn Location: 7:00

Musumeci

  • Race: Zerg Zerg
  • League: Diamond
  • Spawn Location: 5:00

VOD

Have the link to the VOD?

Description

Time

  • Played on: Dec. 22, 2016, 10:06 a.m.
  • Length: 17:49
Show
View Real Time Build Order
Export as new Build Order

aØaBrighman Terran 

Build Orders: MMM Bio 

Get SALT Encoding   

  12  0:02  SCV  
  13  0:14  SCV  
  14  0:19  Supply Depot  
  14  0:26  SCV  
  15  0:31  Refinery  
  15  0:40  SCV  
  15  0:41  Barracks  
  16  0:46  Refinery  
  16  0:53  SCV  
  17  1:05  SCV  
  18  1:17  SCV  
  19  1:29  SCV  
  19  1:30  Reaper  
  21  1:46  Command Center  
  21  1:58  Orbital Command  
  21  2:12  Barracks Reactor  
  21  2:15  Barracks  
  21  2:29  Factory  
  21  2:32  Refinery  
  21  2:43  Supply Depot  
  21  2:46  SCV  
  21  2:48  Marine  
  23  3:00  SCV  
  24  3:11  Orbital Command  
  24  3:12  Barracks Tech Lab  
  24  3:15  Marine x2  
  26  3:21  SCV  
  27  3:28  Factory Reactor  
  27  3:30  Starport  
  27  3:33  SCV  
  28  3:35  Marine x2  
  28  3:38  SCV  
  31  3:44  Stimpack  
  31  3:45  Marine  
  32  3:51  Bunker  
  32  3:52  SCV  
  33  4:11  SCV  
  33  4:12  SCV  
  33  4:13  Marine x3  
  38  4:20  Medivac x2  
  38  4:22  Widow Mine  
  38  4:24  SCV  
  45  4:26  SCV  
  45  4:30  Supply Depot  
  46  4:34  Marine x2  
  46  4:35  Marine  
  46  4:36  SCV  
  46  4:38  SCV  
  51  4:48  SCV  
  51  4:50  SCV  
  51  4:52  Marine x2  
  55  4:57  Marine  
  56  5:00  SCV  
  56  5:05  SCV  
  58  5:08  Medivac  
  58  5:10  Marine x2  
  62  5:17  Supply Depot  
  62  5:21  Supply Depot  
  62  5:39  SCV, Marine x3  
  66  5:45  Medivac, Combat Shields  
  66  5:46  SCV, Medivac  
  71  5:57  Marine x3  
  73  6:06  SCV x2  
  73  6:09  Refinery  
  75  6:11  Refinery  
  75  6:14  Marine  
  75  6:16  Supply Depot  
  75  6:17  Command Center, Engineering Bay  
  77  6:18  SCV x2  
  77  6:23  Widow Mine  
  78  6:35  Liberator  
  78  6:36  Liberator  
  78  6:37  Marine x3  
  80  6:53  Terran Infantry Weapons Level 1  
  83  6:55  Marine x2  
  85  7:05  SCV  
  85  7:07  SCV  
  86  7:13  Marine  
  85  7:15  Marauder  
  85  7:17  Concussive Shells  
  85  7:18  SCV  
  85  7:19  SCV  
  84  7:25  Barracks  
  84  7:27  Barracks  
  84  7:28  Barracks  
  84  7:29  Marine  
  85  7:30  SCV  
  85  7:31  Marine  
  85  7:36  Marine  
  88  7:39  SCV  
  88  7:40  Orbital Command, Factory Reactor  
  88  7:41  Medivac x2  
  92  7:47  Marine  
  92  7:49  Marine  
  89  7:54  Marine  
  90  8:00  Engineering Bay  
  90  8:03  Supply Depot  
  90  8:05  Marine  
  91  8:07  Marine  
  92  8:12  Marauder  
  92  8:16  Marine  
  92  8:17  Barracks Reactor, Barracks Tech Lab  
  92  8:18  Widow Mine x2  
  92  8:19  Medivac  
  98  8:21  SCV  
  98  8:22  SCV  
  98  8:23  Marine  
  98  8:25  Marine  
  102  8:27  Supply Depot  
  102  8:30  Orbital Command  
  102  8:33  Marine  
  102  8:34  SCV x2, Barracks  
  106  8:36  Barracks Reactor  
  106  8:37  Marauder  
  106  8:40  Marine  
  102  8:43  Marine  
  102  8:46  SCV  
  104  8:52  Marauder  
  106  8:58  Marauder, Marine  
  104  9:09  Widow Mine, Marine x3  
  106  9:10  Widow Mine, Medivac x2  
  106  9:11  SCV x2  
  106  9:12  SCV  
  117  9:20  Terran Infantry Armor Level 1  
  117  9:21  Armory  
  117  9:22  Supply Depot  
  117  9:25  Barracks Reactor  
  117  9:26  Supply Depot  
  117  9:31  Supply Depot  
  117  9:33  Refinery  
  117  9:36  Refinery  
  117  9:44  Marauder x2, SCV x2, Marine x2, Supply Depot  
  125  9:47  Widow Mine  
  125  9:48  SCV, Marine x4  
  125  9:49  Widow Mine  
  127  9:56  SCV x2  
  126  10:00  SCV  
  126  10:01  Marine x4, Medivac x2  
  126  10:05  Marine x2  
  126  10:06  Marauder x2  
  141  10:08  SCV x2  
  141  10:11  Marine x2  
  141  10:12  SCV  
  146  10:16  Widow Mine  
  146  10:19  Marine  
  146  10:21  Supply Depot  
  149  10:22  SCV, Marine  
  149  10:23  Terran Vehicle And Ship Armor Level 1  
  149  10:25  SCV x2  
  149  10:34  Terran Infantry Weapons Level 2  
  149  10:35  Supply Depot  
  149  10:36  Supply Depot  
  149  10:37  Supply Depot  
  149  10:38  Supply Depot  
  149  10:39  Liberator, Supply Depot  
  149  10:42  Widow Mine, Marine x6  
  157  10:44  Supply Depot  
  157  10:56  Marine  
  157  10:57  Widow Mine, SCV x3, Marine x2, Medivac, Marauder  
  165  11:00  Marine x4, Supply Depot  
  165  11:01  Unknown, Supply Depot  
  165  11:02  Unknown  
  176  11:04  Missile Turret  
  171  11:12  Command Center  
  171  11:15  Marauder  
  137  11:26  Marauder, Marine x3  
  137  11:27  Marine x2  
  137  11:28  Marine  
  114  11:34  Marine  
  114  11:35  Widow Mine x2, Marine  
  114  11:36  Marauder, Medivac  
  114  11:37  SCV x2  
  126  11:44  Marine x3  
  126  11:45  Orbital Command, Marine x3  
  132  11:47  Orbital Command  
  132  11:48  Marauder, Factory, Terran Infantry Armor Level 2  
  132  11:52  Orbital Command, Marine  
  135  11:58  Marauder  
  135  12:09  Marauder  
  135  12:14  Marine x6  
  141  12:15  Refinery, Missile Turret  
  141  12:16  Refinery  
  141  12:18  SCV x2  
  141  12:19  Marauder  
  141  12:21  Marine  
  146  12:25  Unknown  
  132  12:31  Marauder  
  107  12:40  Marauder, Marine x6  
  107  12:41  Marine x2  
  107  12:42  Widow Mine  
  111  12:52  Marauder  
  111  12:53  Orbital Command  
  111  12:54  Widow Mine  
  111  12:55  Medivac x2  
  111  12:57  Factory Tech Lab  
  111  12:58  Marine x3  
  121  13:00  Terran Infantry Weapons Level 3  
  121  13:02  Marauder  
  124  13:07  Marine x4  
  124  13:09  Marine  
  129  13:13  Marauder  
  129  13:15  Marine x2  
  129  13:16  Marine, Ghost Academy  
  129  13:18  Siege Tank  
  137  13:23  Marauder  
  137  13:25  Marine x4  
  137  13:27  Widow Mine x2  
  143  13:29  Medivac x2  
  151  13:35  Marauder  
  151  13:36  Marine x2  
  151  13:37  Marine x2  
  157  13:43  Marine x3  
  157  13:44  Marauder  
  157  13:47  Marine  
  160  13:54  Marine x4  
  161  13:56  Marauder  
  161  14:00  Marine  
  161  14:01  Marine  
  160  14:06  Marauder  
  161  14:14  Marine x4  
  164  14:18  Marauder, Marine x2  
  166  14:27  Marauder, Marine x2  
  170  14:32  Marine  
  170  14:33  Marine x2  
  170  14:34  Marine  
  170  14:36  Marine x2  
  170  14:38  Orbital Command  
  170  14:39  Marauder  
  172  14:49  Marauder  
  172  14:52  Refinery  
  174  14:57  Marine x4  
  174  14:58  Marine x3  
  181  15:00  Marauder  
  183  15:10  Marauder  
  166  15:22  Marauder  
  166  15:24  Marine x3  
  166  15:26  Command Center  
  169  15:31  Marauder, Marine x3  
  173  15:35  Marine x2  
  173  15:36  Widow Mine x2  
  173  15:37  Siege Tank  
  182  15:43  Marauder  
  182  15:44  Command Center  
  182  15:48  Marine x3  
  182  15:49  Marine x2  
  189  15:53  Marauder  
  182  16:12  Marauder, Marine x5  
  182  16:13  Marine x3  
  182  16:14  Marauder  
  182  16:18  Widow Mine x2  
  196  16:30  Marine x4  
  200  16:34  Marauder  
  200  16:38  Marauder, Marine x3  
  196  16:44  Planetary Fortress  
  196  16:47  Marine x2  
  183  16:48  Unknown, Marine x2  
  183  16:51  Marine  
  183  16:53  Siege Tank  
  191  16:55  Marauder, Marine  
  191  16:56  Marine x2  
  191  17:00  Marauder, Widow Mine  
  200  17:23  Unknown  
  200  17:29  Refinery  
  198  17:31  Missile Turret  
Show
View Real Time Build Order
Export as new Build Order

Musumeci Zerg 

Build Orders: Hatch First 

Get SALT Encoding   

  12  0:01  Drone  
  13  0:09  Drone  
  14  0:21  Extractor  
  13  0:24  Drone  
  15  0:47  Hatchery  
  14  0:52  Extractor  
  14  0:53  Drone  
  15  1:06  Spawning Pool  
  14  1:12  Extractor  
  14  1:13  Drone  
  14  1:14  Drone, Extractor  
  14  1:24  Overlord  
  16  1:49  Drone  
  16  1:50  Drone x2  
  16  1:54  Queen  
  19  1:59  Queen  
  23  2:02  Drone  
  23  2:03  Drone  
  23  2:07  Extractor  
  24  2:10  Drone  
  25  2:15  Drone  
  25  2:20  Overlord  
  27  2:25  Drone  
  28  2:37  Drone, Extractor  
  28  2:38  Drone  
  28  2:39  Queen  
  31  2:49  Drone x2  
  34  2:55  Drone x2  
  35  3:16  Drone  
  35  3:18  Overlord  
  35  3:19  Overlord  
  36  3:31  Extractor  
  36  3:32  Queen, Extractor  
  36  3:33  Roach Warren  
  35  3:41  Drone  
  35  3:42  Drone x5  
  41  3:52  Drone x3  
  44  3:59  Extractor  
  43  4:07  Hatchery  
  43  4:20  Drone x3  
  43  4:21  Drone  
  47  4:27  Drone  
  47  4:29  Roach x2  
  47  4:30  Evolution Chamber x2  
  50  4:40  Roach  
  50  4:44  Overlord x2  
  50  4:45  Overlord  
  52  4:48  Lair  
  52  5:03  Roach x6  
  64  5:07  Extractor  
  64  5:10  Spore Crawler  
  64  5:11  Spore Crawler  
  64  5:13  Spore Crawler  
  61  5:14  Drone x2  
  61  5:15  Extractor  
  61  5:16  Drone  
  62  5:27  Drone x3  
  65  5:33  Drone x5  
  70  6:00  Overseer  
  70  6:05  Drone x11  
  70  6:08  Extractor, Zerg Missile Weapons Level 1  
  70  6:09  Glial Reconstitution, Extractor, Zerg Ground Armor Level 1  
  70  6:11  Roach  
  81  6:19  Ravager  
  82  6:26  Overlord x5  
  80  6:40  Roach  
  80  6:44  Queen  
  76  6:51  Ravager  
  76  6:52  Ravager  
  62  7:18  Drone x17  
  62  7:19  Drone x5  
  83  7:34  Roach x3  
  83  7:35  Roach  
  85  7:45  Drone x3  
  88  8:00  Ravager x10  
  98  8:06  Drone x4  
  98  8:08  Drone  
  98  8:12  Hatchery  
  102  8:21  Drone x7  
  102  8:25  Zerg Missile Weapons Level 2  
  103  8:36  Roach x3  
  108  8:44  Drone  
  108  8:45  Drone x2  
  108  8:46  Drone  
  108  8:47  Drone x2  
  114  8:54  Roach  
  114  8:55  Roach  
  109  9:08  Spore Crawler  
  108  9:17  Drone  
  108  9:18  Drone x2  
  108  9:20  Drone  
  108  9:21  Drone x2  
  108  9:23  Queen  
  116  9:36  Extractor  
  115  9:40  Extractor  
  113  9:47  Drone x2  
  113  9:48  Drone x2  
  106  10:00  Roach x7  
  120  10:30  Overlord x6  
  120  10:31  Hatchery  
  118  10:48  Roach x2  
  118  10:49  Roach x4  
  130  10:50  Drone x3  
  130  10:51  Drone  
  134  11:12  Roach x3  
  134  11:14  Ravager x2  
  138  11:22  Ravager x3  
  138  11:23  Ravager  
  129  11:31  Roach x4  
  129  11:37  Ravager x4  
  133  11:44  Queen  
  133  11:45  Drone x2  
  133  11:46  Drone  
  138  12:00  Zerg Ground Armor Level 2  
  138  12:02  Ravager x3  
  138  12:08  Roach  
  138  12:09  Roach x7  
  154  12:22  Spine Crawler x2  
  149  12:32  Roach  
  149  12:33  Roach x9  
  151  12:50  Infestation Pit  
  150  12:55  Ravager x3  
  150  12:56  Ravager x8  
  150  12:57  Roach  
  150  12:58  Roach x2, Overlord  
  167  12:59  Overlord x6  
  167  13:14  Drone  
  167  13:15  Spine Crawler, Drone  
  167  13:16  Drone x5, Spore Crawler  
  167  13:19  Ravager x9  
  182  13:20  Ravager  
  182  13:28  Overseer x2  
  166  14:16  Roach x9  
  166  14:17  Roach x8  
  190  14:46  Spine Crawler x2  
  190  14:48  Spine Crawler  
  190  14:51  Drone  
  190  14:52  Drone x4  
  192  14:53  Drone  
  192  14:54  Drone x6  
  192  14:59  Hive  
  183  15:38  Spine Crawler  
  183  15:40  Spine Crawler  
  183  15:41  Spine Crawler x2  
  179  15:44  Ravager  
  179  15:45  Ravager x9  
  189  15:50  Ravager x3  
  189  15:51  Ravager  
  179  16:18  Drone  
  179  16:19  Drone x4  
  179  16:25  Spore Crawler  
  176  16:55  Hatchery  
  176  16:57  Extractor  
  176  17:01  Ravager  
Tags
 
Add a new tag
Caveats
  • Supply blocks, unpowered buildings, or Contaminate may cause inaccurate times.
  • Supply counts are checked every 10 seconds.